 Dungeon Crawl Stone Soup version 0.28.0-56-g4927b6849a (webtiles) character file.

Game seed: 13744110848368664816

32889 AarnesTheHuman the Fighter (level 13, -6/122 HPs)
             Began as a Hill Orc Fighter on Feb 3, 2023.
             Was an Elder of the Shining One.
             Shot with an arrow by Nessos (9 damage)
             ... while paralysed by Nessos
             ... on level 6 of the Lair of Beasts.
             The game lasted 00:34:26 (26043 turns).

AarnesTheHuman the Fighter (Hill Orc Fighter)      Turns: 26043, Time: 00:34:26

Health: -6/122     AC: 12    Str: 24    XL:     13   Next: 67%
Magic:  20/20      EV:  2    Int:  8    God:    the Shining One [****..]
Gold:   1112       SH:  0    Dex: 10    Spells: 12/12 levels left

rFire   . . .      SeeInvis .   a - +5 hand axe (elec)
rCold   . . .      Faith    .   c - +0 buckler
rNeg    + + .      Spirit   .   z - +0 acid dragon scales
rPois   +          Reflect  .   F - +0 hat
rElec   .          Harm     .   (no cloak)
rCorr   +          Rampage  .   m - +1 pair of gloves {hurl}
Will    .....                   k - +0 pair of boots
Stlth   +.........              (no amulet)
HPRegen 0.30/turn               H - +4 ring of evasion
MPRegen 0.17/turn               B - ring of poison resistance

@: paralysed, lethally poisoned (-6 -> -27), glowing
A: no striking features
a: Renounce Religion, Divine Shield, Cleansing Flame


You were on level 6 of the Lair of Beasts.
You worshipped the Shining One.
The Shining One was greatly pleased with you.
You visited 2 branches of the dungeon, and saw 18 of its levels.

You collected 1112 gold pieces.

Inventory:

Hand Weapons
 a - a +5 hand axe of electrocution (weapon)
 A - a +0 flail of venom
 J - a +1 antimagic hand axe
 X - the +5 trident "Idghoj" {protect, rPois Will++ Dex+3}
   (You found it on level 1 of the Lair of Beasts)

   It grants its wielder temporary protection when it strikes (+7 to AC).
   Dex:       It affects your dexterity (+3).
   rPois:     It protects you from poison.
   Will:      It greatly increases your willpower.
Missiles
 g - 4 silver javelins
 r - 489 stones
 w - 10 poisoned darts (quivered)
 G - 13 javelins
 L - 11 boomerangs
 Q - a throwing net
Armour
 c - a +0 buckler (worn)
 k - a +0 pair of boots (worn)
 m - a +1 pair of gloves of hurling (worn)
 z - +0 acid dragon scales (worn)
 F - a +0 hat (worn)
Magical Staves
 b - a staff of cold
 u - a staff of earth
 x - a staff of air
Jewellery
 y - a +6 ring of dexterity
 B - a ring of poison resistance (right hand)
 D - a ring of fire
 H - a +4 ring of evasion (left hand)
 M - a ring of positive energy
 O - a ring of ice
Wands
 t - a wand of flame (31)
 C - a wand of iceblast (5)
 I - a wand of acid (7)
 V - a wand of digging (7)
Scrolls
 e - 3 scrolls of amnesia
 p - 11 scrolls of teleportation
 q - 2 scrolls of fear
 E - 6 scrolls of magic mapping
 T - 2 scrolls of blinking
 W - 8 scrolls of identify
Potions
 d - 2 potions of might
 f - a potion of ambrosia
 h - 3 potions of attraction
 i - 2 potions of heal wounds
 j - 3 potions of haste
 l - a potion of lignification
 n - 7 potions of mutation
 o - 6 potions of curing
 s - 2 potions of resistance
 v - 5 potions of flight
 U - a potion of invisibility
Miscellaneous
 K - a phantom mirror (inert)
 P - a tin of tremorstones (2/2)


   Skills:
 + Level 13.5 Fighting
 + Level 12.6 Axes
 + Level 10.4 Throwing
 + Level 8.8 Armour
 - Level 4.0 Dodging
 + Level 8.8 Shields
 - Level 10.0 Invocations
 - Level 3.0 Evocations


You had 12 spell levels left.
You didn't know any spells.
Your spell library contained the following spells:

 Spells                   Type           Power      Damage    Failure   Level
 Animate Skeleton         Necr           0%         N/A       54%         1
 Apportation              Tloc           0%         N/A       54%         1
 Shock                    Conj/Air       0%         1d3       54%         1
 Slow                     Hex            0%         N/A       54%         1
 Summon Small Mammal      Summ           0%         N/A       54%         1
 Blink                    Tloc           0%         N/A       67%         2
 Corpse Rot               Necr/Air       0%         N/A       67%         2
 Ensorcelled Hibernation  Hex/Ice        0%         N/A       67%         2
 Passwall                 Tmut/Erth      0%         N/A       67%         2
 Call Canine Familiar     Summ           0%         N/A       88%         3
 Confusing Touch          Hex            0%         N/A       88%         3
 Gell's Gravitas          Tloc           0%         N/A       88%         3
 Lesser Beckoning         Tloc           0%         N/A       88%         3
 Spider Form              Tmut/Pois      0%         N/A       88%         3
 Summon Guardian Golem    Hex/Summ       0%         N/A       88%         3
 Swiftness                Air            0%         N/A       88%         3
 Teleport Other           Tloc           0%         N/A       88%         3
 Airstrike                Air            0%         N/A       99%         4
 Anguish                  Hex/Necr       0%         N/A       99%         4
 Cause Fear               Hex            0%         N/A       99%         4
 Dispel Undead            Necr           0%         3d6       99%         4
 Fulminant Prism          Conj/Hex       0%         3d6       99%         4
 Iskenderun's Mystic Bla  Conj/Tloc      0%         2d3       99%         4
 Leda's Liquefaction      Hex/Erth       0%         N/A       99%         4
 Olgreb's Toxic Radiance  Pois           0%         N/A       99%         4
 Lee's Rapid Deconstruct  Erth           0%         3d5*      100%        5
 Manifold Assault         Tloc           0%         N/A       100%        5
 Yara's Violent Unravell  Hex/Tmut       0%         3d3       100%        5
 Death Channel            Necr           0%         N/A       100%        6
 Statue Form              Tmut/Erth      0%         N/A       100%        6
 Dragon Form              Tmut           0%         N/A       100%        7
 Enfeeble                 Hex            0%         N/A       100%        7
 Malign Gateway           Summ/Tloc      0%         N/A       100%        7
 Ozocubu's Refrigeration  Ice            0%         4d5       100%        7
 Storm Form               Tmut/Air       0%         N/A       100%        7
 Ignition                 Fire           0%         3d3       100%        8
 Dragon's Call            Summ           0%         N/A       100%        9


Dungeon Overview and Level Annotations

Branches:
Dungeon (12/15)            Temple (0/1) D:7            Lair (6/6) D:11
  Swamp (0/4) Lair:3       Spider (0/4) Lair:3        Slime (0/5) Lair:5
    Orc (0/2) D:11

Altars:
Elyvilon
Qazlal
Trog
Uskayaw
Vehumet
Wu Jian
Yredelemnul
The Shining One
Jiyva

Shops:
D:4 *   D:6 =   D:11 (   D:12 *

Annotations:
D:10 exclusion: 2 downstairs
Lair:3 2 transporters, Yjeari's ghost, journeyman GrMo
Lair:6 Nessos


Message History

The dream sheep ruffle their wool and motes of dream dust sparkle, to no effect.
The yak gores you but does no damage.
You feel a bit more experienced.
Aiming: Corrosive Bolt
Press: ? - help, Shift-Dir - straight line, f - Nessos
Aim: Nessos, wielding a +3 longbow of flaming, wearing a +0 barding, quivering arrows and carrying a wand of paralysis (5) (fast, 84% to hit)
The bolt of acid hits Nessos!
Nessos is lightly wounded.
Nessos shoots an arrow.
The arrow hits Nessos!
The arrow burns Nessos.
Nessos gestures wildly while chanting.
Nessos blinks!
Nessos zaps a wand.
You suddenly lose the ability to move!
Nessos shoots an arrow.
The arrow hits you! The arrow burns you.
You are poisoned.
Nessos shoots an arrow.
The arrow hits Nessos!
The arrow burns Nessos.
Nessos shoots an arrow.
The arrow hits you but does no damage.
You feel very sick.
Nessos zaps a wand.
You easily resist.
Nessos pounds the earth with their hooves.
You feel very sick.
Nessos mumbles some strange words.
Nessos blinks!
Nessos shoots an arrow.
The arrow hits you! The arrow burns you!
You are more poisoned.
Nessos gestures wildly while chanting.
Nessos blinks!
You feel extremely sick.
Nessos gestures wildly while chanting.
Nessos blinks!
Nessos zaps a wand.
You easily resist.
Nessos shoots an arrow.
The arrow hits you!
* * * LOW HITPOINT WARNING * * *
The arrow burns you.
* * * LOW HITPOINT WARNING * * *
* * * LOW HITPOINT WARNING * * *
You feel very sick.
Nessos shoots an arrow.
The arrow hits you!!
* * * LOW HITPOINT WARNING * * *
The arrow burns you!
You die...

.............^......
...................
....##............
....##..#.......##
....####.........#
....# #........# .....#
#......!.# .....#
##.......## .....#
#.......@# ....##
#.......####..# ....#
#......†.P..# ......
........Y†.†Y.YY
...............Y...cY..
..........c...YY..Y.YYY
.....................Y.
...... .............YY.
...... ...........c....


You could see Nessos (fast), 3 yaks and a dream sheep.

Vanquished Creatures
  Harold (D:9)
  Fannar (D:11)
  Erica (D:11)
  2 catoblepae
  2 two-headed ogres
  6 death yaks
  A centaur warrior (D:8)
  Urug (Lair:5)
  Pikel (D:8)
  A deep elf zephyrmancer (D:10)
  An ugly thing (D:10)
  2 manticores
  A cyclops (D:12)
  2 torpor snails
  2 black mambas
  4 cane toads
  2 rime drakes (Lair:5)
  2 unseen horrors
  10 komodo dragons
  A tyrant leech (Lair:3)
  4 blink frogs
  2 hornets (Lair:2)
  A dream sheep (Lair:6)
  2 shadows (D:6)
  5 wyverns
  A vampire (D:10)
  2 wraiths
  19 yaks
  3 basilisks
  A redback (Lair:3)
  4 steam dragons
  4 vampire mosquitoes
  An acid dragon (D:10)
  14 water moccasins
  2 ice beasts (D:6)
  A black bear (D:11)
  A necrophage (D:6)
  An orc warrior (D:11)
  31 wolves
  5 centaurs
  A lemure (D:8)
  2 ogres
  A phantom (D:5)
  A kobold brigand (D:6)
  2 gnoll sergeants
  9 bullfrogs
  A scorpion (D:4)
  A wyvern skeleton (D:5)
  A water moccasin skeleton (D:6)
  7 killer bees
  13 wights
  4 howler monkeys (D:8)
  2 electric eels
  2 centaur zombies
  2 jellies
  2 orc priests
  3 bullfrog skeletons
  2 orc wizards
  6 iguanas
  Natasha (thrice) (D:4)
  A hound skeleton (D:3)
  Robin (D:3)
  12 gnolls
  15 adders
  A shadow imp (D:6)
  2 white imps
  3 worms (D:2)
  4 dart slugs
  13 orcs
  8 ball pythons
  7 endoplasms
  4 giant cockroaches
  14 goblins
  6 hobgoblins
  8 jackals
  13 kobolds
  3 quokkas
  5 bats
  3 frilled lizards
  A jackal zombie (D:3)
  4 rats
  A bush (Lair:2)
342 creatures vanquished.

Vanquished Creatures (collateral kills)
  A yak (Lair:6)
1 creature vanquished.

Vanquished Creatures (others)
  A troll (D:8)
  18 fungi
  54 plants
73 creatures vanquished.

Grand Total: 416 creatures vanquished

Notes
Turn   | Place    | Note
-------+----------+-------------------------------------------
     0 | D:1      | AarnesTheHuman the Hill Orc Fighter began the quest for the
                  | Orb.
     0 | D:1      | Reached XP level 1. HP: 19/19 MP: 1/1
   224 | D:1      | Reached XP level 2. HP: 24/27 MP: 2/2
   845 | D:2      | Found a faded altar of an unknown god.
   930 | D:2      | Reached skill level 4 in Fighting
   930 | D:2      | Reached XP level 3. HP: 30/33 MP: 3/3
  1733 | D:2      | Found a glowing golden altar of the Shining One.
  1855 | D:2      | Became a worshipper of the Shining One
  1971 | D:2      | Reached XP level 4. HP: 39/40 MP: 4/4
  2074 | D:3      | Noticed Robin
  2085 | D:3      | Killed Robin
  2087 | D:3      | Reached skill level 1 in Invocations
  2370 | D:3      | Reached XP level 5. HP: 44/46 MP: 6/6
  3336 | D:4      | Reached XP level 6. HP: 55/55 MP: 7/7
  3653 | D:4      | Found Guxyduol's Assorted Antiques.
  3766 | D:4      | Reached skill level 5 in Fighting
  4186 | D:4      | Reached skill level 5 in Axes
  4186 | D:4      | Reached XP level 7. HP: 59/61 MP: 9/9
  4220 | D:4      | Reached * piety under the Shining One
  4433 | D:4      | Reached skill level 5 in Armour
  4433 | D:4      | Reached skill level 5 in Shields
  4506 | D:4      | Noticed Natasha
  4515 | D:4      | Killed Natasha
  5323 | D:4      | Noticed Natasha
  5332 | D:4      | Killed Natasha
  5387 | D:4      | Found Guxyduol's Assorted Antiques.
  6167 | D:4      | Noticed Natasha
  6174 | D:4      | Killed Natasha
  6685 | D:4      | Found Guxyduol's Assorted Antiques.
  6969 | D:5      | Entered Level 5 of the Dungeon
  7539 | D:5      | Reached XP level 8. HP: 36/68 MP: 11/11
  8029 | D:6      | Found Tevo's One-of-a-Kind Rings.
  8030 | D:6      | Noticed a shadow
  8045 | D:6      | Killed a shadow
  8202 | D:6      | Reached skill level 10 in Axes
  8478 | D:6      | Found a stormy altar of Qazlal.
  8478 | D:6      | Found an ornate altar of the Wu Jian Council.
  8478 | D:6      | Found a white marble altar of Elyvilon.
  9173 | D:6      | Reached skill level 5 in Invocations
  9250 | D:6      | Reached skill level 6 in Fighting
  9653 | D:6      | Reached XP level 9. HP: 50/78 MP: 12/12
  9806 | D:6      | Reached skill level 7 in Fighting
 10119 | D:7      | Found a staircase to the Ecumenical Temple.
 10157 | D:6      | Reached ** piety under the Shining One
 10913 | D:7      | Reached skill level 8 in Fighting
 11301 | D:7      | Found a basalt altar of Yredelemnul.
 11301 | D:7      | Found a radiant altar of Vehumet.
 11465 | D:7      | Reached *** piety under the Shining One
 11466 | D:7      | Reached XP level 10. HP: 60/86 MP: 14/14
 11941 | D:8      | Found a hide-covered altar of Uskayaw.
 12006 | D:8      | Reached skill level 9 in Fighting
 12090 | D:8      | Noticed a manticore
 12379 | D:8      | Noticed a catoblepas
 12445 | D:8      | Killed a catoblepas
 12446 | D:8      | Reached skill level 10 in Fighting
 12450 | D:8      | Killed a manticore
 12932 | D:8      | Noticed a centaur warrior
 12944 | D:8      | Killed a centaur warrior
 12945 | D:8      | Reached skill level 11 in Fighting
 13293 | D:9      | Reached skill level 1 in Throwing
 13435 | D:9      | Noticed Pikel
 13483 | D:8      | Killed Pikel
 13484 | D:8      | Reached skill level 12 in Fighting
 13792 | D:9      | Noticed a two-headed ogre
 13846 | D:9      | Killed a two-headed ogre
 13847 | D:9      | Reached XP level 11. HP: 70/104 MP: 16/16
 14066 | D:9      | Noticed Harold
 14090 | D:9      | Killed Harold
 14091 | D:9      | Reached skill level 5 in Throwing
 14695 | D:10     | Entered Level 10 of the Dungeon
 14876 | D:10     | Noticed a deep elf zephyrmancer
 14883 | D:10     | Killed a deep elf zephyrmancer
 15400 | D:10     | Noticed a purple ugly thing
 15404 | D:10     | Killed a purple ugly thing
 15405 | D:10     | Reached skill level 1 in Dodging
 16547 | D:11     | Noticed Erica
 16557 | D:11     | Killed Erica
 16595 | D:11     | Found a staircase to the Orcish Mines.
 16596 | D:11     | Noticed Fannar
 16626 | D:11     | Killed Fannar
 16740 | D:11     | Noticed a brown ugly thing
 17011 | D:11     | Found Fepaot's Antique Weapon Shoppe.
 17093 | D:11     | Found a staircase to the Lair.
 17167 | D:11     | Got the Reference Book on the Warped Entourage
 17400 | D:11     | Reached XP level 12. HP: 98/113 MP: 18/18
 17501 | D:12     | Found Lotot's Elemental Accessories.
 17682 | D:12     | Noticed a two-headed ogre
 17691 | D:12     | Killed a two-headed ogre
 18124 | Lair:1   | Entered Level 1 of the Lair of Beasts
 18522 | Lair:1   | Reached skill level 1 in Evocations
 19057 | Lair:1   | Identified the +5 trident "Idghoj" {protect, rPois Will++
                  | Dex+3}
 19104 | Lair:2   | Paralysed by a hornet for 3 turns
 19120 | Lair:2   | HP: 3/106 [cane toad (12)]
 19127 | Lair:2   | HP: 5/106 [cane toad (20)]
 20024 | Lair:2   | Noticed a catoblepas
 20024 | Lair:2   | Reached **** piety under the Shining One
 20032 | Lair:2   | Killed a catoblepas
 20431 | Lair:3   | Found a transporter.
 20525 | Lair:3   | Identified the +1 ring mail of the Hidden Continents {rC+
                  | Str+2 Int-5}
 20643 | Lair:3   | Noticed a death yak
 20648 | Lair:3   | Noticed a death yak
 20658 | Lair:3   | Killed a death yak
 20663 | Lair:3   | Killed a death yak
 20878 | Lair:3   | Noticed Yjeari's ghost (journeyman GrMo)
 20889 | Lair:3   | Found a bloodstained altar of Trog.
 20896 | Lair:3   | Found a transporter.
 20955 | Lair:3   | Found a hole to the Spider Nest.
 21203 | Lair:3   | Found a staircase to the Swamp.
 21473 | Lair:4   | Noticed a death yak
 21476 | Lair:4   | Noticed a death yak
 21486 | Lair:4   | Noticed a death yak
 21487 | Lair:4   | Noticed a death yak
 21496 | Lair:3   | Killed a death yak
 21502 | Lair:3   | Killed a death yak
 21503 | Lair:3   | Reached skill level 10 in Throwing
 21944 | Lair:2   | Killed a death yak
 21945 | Lair:2   | Reached skill level 13 in Fighting
 21945 | Lair:2   | Reached XP level 13. HP: 63/122 MP: 19/19
 23225 | Lair:4   | Reached skill level 10 in Invocations
 24024 | Lair:5   | Found a viscous altar of Jiyva.
 24025 | Lair:5   | Found a staircase to the Slime Pits.
 24459 | Lair:5   | Noticed Urug
 24472 | Lair:5   | Killed Urug
 25378 | Lair:6   | Entered Level 6 of the Lair of Beasts
 25708 | Lair:6   | Got the Reference Book on Shifting Beguiling
 26030 | Lair:6   | Noticed Nessos
 26038 | Lair:6   | Paralysed by Nessos for 6 turns
 26043 | Lair:6   | HP: 3/122 [Nessos/arrow (19)]
 26043 | Lair:6   | Shot with an arrow by Nessos

Illustrated notes

Levels and vault maps discovered:
D:1:      wander_arrival_estate, layout_rooms, serial_forest,
          infiniplex_forest_clump_C, infiniplex_forest_join,
          infiniplex_forest_end_2, infiniplex_forest_clump_small,
          infiniplex_forest_clump_long, infiniplex_forest_lined_3,
          infiniplex_forest_lined_corner, grunt_decor_arrowhead
D:2:      layout_loops_ring, chequers_ecumenical_altar_simple, basic_altar,
          kennysheep_another_room, minmay_tree_intersection, minmay_misc_feat_x
D:3:      layout_loops_ring, minmay_fractal_squares_diagonal_5, uniq_robin
D:4:      layout_basic, serial_shops, nicolae_shop_crystal,
          kennysheep_generic_room_14, uniq_natasha
D:5:      layout_loops_ring
D:6:      layout_basic, gammafunk_temple_overflow_forgotten,
          nicolae_shop_unique_rings, kennysheep_big_empty_room
D:7:      layout_rooms, gammafunk_temple_overflow_wave,
          minmay_temple_entry_water_ring
D:8:      layout_rooms, mainiacjoe_overflow_tiny_flanked, minmay_diamond_spiral
D:9:      layout_grid_maze, chequers_serial_rivers_micro_d, uniq_pikel,
          uniq_harold
D:10:     layout_stronghold, kennysheep_just_a_vault
D:11:     layout_roguey, minmay_lair_entry_grove, serial_shops, shop,
          water_maze_lemuel, uniq_erica, uniq_fannar
D:12:     layout_basic, kennysheep_pointless_box, nicolae_elemental_shop
Lair:1:   wander_river, layout_big_grid, serial_bayou_shore_b
Lair:2:   minmay_lair_venomous_thicket, layout_regular_city
Lair:3:   layout_small_grid, minmay_swamp_entry_worms, spider_nest_entry_a,
          gammafunk_ghost_wrathful_warriors, grunt_megastairs_5
Lair:4:   layout_layer_cave, wad_woods_03, lemuel_fruit_tree, grunt_megastairs_2
Lair:5:   layout_regular_city, slime_altar_1, uniq_urug
Lair:6:   hellmonk_lair_end_abyssal_woods, layout_big_grid, uniq_nessos

Skill      XL: |  1  2  3  4  5  6  7  8  9 10 11 12 13 |
---------------+----------------------------------------+-----
Axes           | 3 4 5 8 10 11 12 | 12.6
Fighting       | 4 5 6 8 12 13 | 13.5
Armour         | 4 5 7 8 |  8.8
Invocations    | 1 2 3 4 5 6 7 8 9 10 | 10.0
Shields        | 4 5 7 8 |  8.8
Throwing       | 4 6 10 | 10.4
Dodging        | 2 3 4 |  4.0
Evocations     | 1 3 |  3.0

Action                   |  1- 3 |  4- 6 |  7- 9 | 10-12 | 13-15 || total
-------------------------+-------+-------+-------+-------+-------++-------
Melee: War axe           |   121 |   130 |   117 |       |       ||   368
       Flail             |       |     3 |       |       |       ||     3
       Hand axe          |       |       |   136 |   441 |   231 ||   808
       Staff             |       |       |     2 |       |       ||     2
       Trident           |       |       |       |     2 |       ||     2
Throw: Dart              |       |       |    13 |    13 |       ||    26
       Javelin           |       |       |     4 |     8 |       ||    12
       Stone             |       |       |     1 |       |       ||     1
       Boomerang         |       |       |       |    37 |     2 ||    39
       Throwing net      |       |       |       |     1 |       ||     1
Invok: Divine Shield     |       |       |     1 |       |       ||     1
       Cleansing Flame   |       |       |       |     1 |       ||     1
Evoke: Wand              |       |       |       |    23 |     2 ||    25
       Phantom mirror    |       |       |       |       |     1 ||     1
  Use: Scroll            |       |    11 |     3 |    13 |       ||    27
       Potion            |       |       |       |     4 |       ||     4
Armor: Scale mail        |    20 |       |       |       |       ||    20
       Chain mail        |    41 |    45 |       |       |       ||    86
       Acid dragon scale |       |    21 |    76 |   144 |    43 ||   284
Dodge: Dodged            |    39 |    59 |   107 |   173 |   120 ||   498
Block: Buckler           |    25 |    32 |    77 |   105 |    47 ||   286
